 Dungeon Crawl Stone Soup version 0.31-a0-795-g5eb97db20b (webtiles) character file.

Game seed: 1887167069586315218

72 Maratek the Firebug (level 4, -2/24 HPs)
             Began as a Deep Elf Fire Elementalist on Sept 18, 2023.
             Was an Initiate of Sif Muna.
             Killed by divine providence
             ... invoked by an orc priest
              (11 damage)
             ... on level 3 of the Dungeon.
             The game lasted 00:05:41 (2161 turns).

Maratek the Firebug (Deep Elf Fire Elementalist)    Turns: 2161, Time: 00:05:41

Health: -2/24      AC:  5    Str:  5    XL:     4   Next: 7%
Magic:  8/12       EV: 12    Int: 22    God:    Sif Muna [......]
Gold:   67         SH:  0    Dex: 15    Spells: 8/11 levels left

rFire   . . .        c - +1 short sword (vamp)
rCold   . . .        (no shield)
rNeg    . . .        a - +0 robe
rPois   .            (no helmet)
rElec   .            (no cloak)
rCorr   +            l - +2 pair of gloves
SInv    .            (no boots)
Will    .....        (no amulet)
Stlth   ++           o - ring of resist corrosion
HPRegen 0.24/turn    (no ring)
MPRegen 0.13/turn

%: no passive effects
@: no status effects
A: no striking features
a: Renounce Religion


You were on level 3 of the Dungeon.
You worshipped Sif Muna.
Sif Muna was noncommittal.
You visited 1 branch of the dungeon, and saw 3 of its levels.

You collected 67 gold pieces.

Inventory:

Hand Weapons
 c - a +1 vampiric short sword (weapon)
Armour
 a - a +0 robe (worn)
 l - a +2 pair of gloves (worn)
 m - the +11 chain mail of the Pink Corner {Will++ Int-3}
   (You found it on level 2 of the Dungeon)

   Int-3:     It affects your intelligence (-3).
   Will++:    It greatly increases your willpower.
Jewellery
 o - a ring of resist corrosion (left hand)
Wands
 k - a wand of flame (19)
Scrolls
 d - a scroll of fog
 g - a scroll of identify
Potions
 b - a potion of magic
 e - a potion of ambrosia {unknown}
 f - a potion of heal wounds {unknown}
 h - a potion of mutation {unknown}
 i - 2 potions of curing {unknown}
 n - a potion of haste {unknown}


   Skills:
 + Level 0.1 Fighting
 + Level 0.5 Short Blades
 + Level 2.6 Dodging
 + Level 3.0 Stealth
 + Level 4.1 Spellcasting
 + Level 1.1 Conjurations
 + Level 4.3 Fire Magic


You had 8 spell levels left.
You knew the following spells:

 Your Spells              Type           Power      Damage    Failure   Level
a - Foxfire               Conj/Fire      64%        2x1d7     3%          1
b - Scorch                Fire           46%        2d6       2%          2

Your spell library contained the following spells:

 Spells                   Type           Power      Damage    Failure   Level
 Slow                     Hex            16%        N/A       11%         1
 Inner Flame              Hex/Fire       14%        N/A       14%         3
 Volatile Blastmotes      Fire/Tloc      28%        2d12      14%         3
 Dazzling Flash           Conj/Hex       14%        N/A       26%         3
 Confusing Touch          Hex            4%         N/A       32%         3
 Sigil of Binding         Hex            4%         N/A       32%         3
 Vampiric Draining        Necr           4%         2d6       32%         3
 Flame Wave               Conj/Fire      16%        2d7       34%         4
 Agony                    Necr           4%         N/A       97%         5
 Silence                  Hex/Air        2%         N/A       97%         5


Dungeon Overview and Level Annotations

Branches:
Dungeon (3/15)

Altars:
Ru
Sif Muna


Message History

Found 2 boomerangs.
An orc priest comes into view. It is wielding a +0 hand axe.
Casting: Scorch (safe; 2% risk of failure)
Press: ? - help, Q - select action, (/) - cycle Dir - look around, f - activate Flames lash the orc.
The orc is severely wounded.
The orc's fire resistance burns away.
The orc priest shouts!
The orc priest calls down the wrath of Beogh upon you.
Beogh smites you!
Ouch! That really hurt!
Casting: Scorch (safe; 2% risk of failure)
Press: ? - help, Q - select action, (/) - cycle Dir - look around, f - activate Flames lash the orc.
The orc is severely wounded.
The orc's fire resistance burns away.
The orc misses you.
Aiming: Throw Flame
Press: ? - help, Q - select action, (/) - cycle Shift-Dir - straight line, f - orc priest
Aim: an orc priest, wielding a +0 hand axe (68% to hit)
The puff of flame hits the orc!
The orc is burned terribly!
You kill the orc!
Sif Muna accepts your kill.
The orc priest calls upon Beogh to heal the orc.
The orc's wounds heal themselves!
Aiming: Throw Flame
Press: ? - help, Q - select action, (/) - cycle Shift-Dir - straight line, f/p - orc priest
Aim: an orc priest, wielding a +0 hand axe (68% to hit)
The puff of flame hits the orc!
The orc is burned terribly!
You kill the orc!
Sif Muna accepts your kill.
The orc hits you from afar with a +0 trident.
Aiming: Throw Flame
Press: ? - help, Q - select action, (/) - cycle Shift-Dir - straight line, f/p - orc priest
Aim: an orc priest, wielding a +0 hand axe (68% to hit)
The puff of flame hits the orc.
The orc is severely wounded.
The orc priest calls down the wrath of Beogh upon you.
Beogh smites you!
You die...

.(..... .......
#.....#####
.....o...# #.......#
######..$o...+ #
###....##..)...# ##
##.......#..@...# .#
#....♣♣♣)##.....#
§####..♣♣♣....#.....#
..≈§..♣♣......#..##.#
§§≈§§.♣..._...#####.#
.§≈≈..♣♣.)....#####.#
.'##'..♣♣♣....#...#.#
.#..#....♣♣♣.##.....#
##..##.......####.###


You could see an orc priest and an orc.

Vanquished Creatures
  An adder (D:3)
  A worm (D:2)
  A dart slug (D:1)
  2 orcs (D:3)
  4 bats
  11 endoplasms
  4 giant cockroaches
  6 goblins
  3 hobgoblins
  A quokka (D:2)
  4 ball pythons
  A frilled lizard (D:1)
  9 kobolds
  3 rats (D:1)
51 creatures vanquished.

Vanquished Creatures (others)
  25 foxfires (D:1)
25 creatures vanquished.

Grand Total: 76 creatures vanquished

Notes
Turn   | Place    | Note
-------+----------+-------------------------------------------
     0 | D:1      | Maratek the Deep Elf Fire Elementalist began the quest for
                  | the Orb.
     0 | D:1      | Reached XP level 1. HP: 10/10 MP: 6/6
   244 | D:1      | Reached XP level 2. HP: 15/15 MP: 5/8
   422 | D:1      | Learned a level 2 spell: Scorch
   560 | D:1      | Reached XP level 3. HP: 19/19 MP: 2/10
   825 | D:1      | Found a faded altar of an unknown god.
  1789 | D:2      | Identified the +11 chain mail of the Pink Corner {Will++
                  | Int-3}
  2034 | D:3      | Found a sacrificial altar of Ru.
  2041 | D:3      | Reached XP level 4. HP: 24/24 MP: 7/12
  2103 | D:3      | Found a shimmering blue altar of Sif Muna.
  2110 | D:3      | Became a worshipper of Sif Muna the Loreminder
  2161 | D:3      | Killed from afar by an orc priest

Illustrated notes

Levels and vault maps discovered:
D:1:      dpeg_arrival_short_road, layout_basic, basic_ecumenical_altar,
          minmay_three_crescents
D:2:      layout_basic, kennysheep_nub, dk_noncrumbling_4
D:3:      layout_basic, mainiacjoe_overflow_two_lobes,
          mainiacjoe_overflow_big_doors, chequers_avenue, minmay_unequal,
          uniq_ijyb

Skill      XL: |  1  2  3 |
---------------+----------+-----
Stealth        | 3 |  3.0
Fire Magic     | 4 |  4.3
Spellcasting   | 4 |  4.1
Fighting       | |  0.1
Short Blades   | |  0.5
Dodging        | |  2.6
Conjurations   | |  1.1

Action                     |  1- 3 |  4- 6 || total
---------------------------+-------+-------++-------
  Melee: Short sword       |    25 |       ||    25
   Cast: Foxfire           |    18 |       ||    18
         Scorch            |    38 |     2 ||    40
  Evoke: Wand              |       |     3 ||     3
    Use: Scroll            |     3 |       ||     3
   Stab: Sleeping          |     1 |       ||     1
 Armour: Robe              |    16 |     1 ||    17
  Dodge: Dodged            |    35 |     1 ||    36

Table legend: (Time is in decaauts)
 A = Elapsed time spent in this place.
 B = Non-inter-level travel time spent in this place.
 C = Inter-level travel time spent in this place.
 D = Time resting spent in this place.
 E = Time spent auto-exploring this place.
 F = Levels seen in this place.
 G = Mean time per level.
                   A        B        C        D        E       F      G
               +--------+--------+--------+--------+--------+-----+--------+
         Total |   2159 |   2133 |     26 |    243 |   1553 |   3 |  719.7 |
       Dungeon |   2159 |   2133 |     26 |    243 |   1553 |   3 |  719.7 |
               +--------+--------+--------+--------+--------+-----+--------+

Top non-repeatable levels by time:
     D:1: 1071 daAuts
     D:2: 931 daAuts
     D:3: 155 daAuts
